 Dungeon Crawl Stone Soup version 0.24-a0-504-gcfb02b9d07 (webtiles) character file.

2137 Ablot the Magician (level 9, -8/69 HPs)
             Began as a Gnoll Skald on Nov 2, 2018.
             Was an Initiate of Okawaru.
             Killed from afar by Harold (12 damage)
             ... with a harpoon shot
             ... on level 7 of the Dungeon on July 17, 2019.
             The game lasted 00:39:04 (7961 turns).

Ablot the Magician (Gnoll Skald)                    Turns: 7961, Time: 00:39:05

Health: -8/69      AC:  7    Str: 16    XL:     9   Next: 30%
Magic:  18/18      EV: 15    Int: 17    God:    Okawaru [......]
Gold:   256        SH:  0    Dex: 14    Spells: 8/21 levels left

rFire    + . .     SeeInvis .   s - +2 dagger (speed)
rCold    . . .     Gourm    .   (no shield)
rNeg     . . .     Faith    .   f - +1 robe of Giosmacw {rElec}
rPois    .         Spirit   .   (no helmet)
rElec    +         Reflect  .   (no cloak)
rCorr    .         Harm     .   (no gloves)
MR       .....                  (no boots)
Stlth    +++.......             G - amulet of rage
HPRegen  0.21/turn              q - ring of protection from fire
MPRegen  0.16/turn              L - +4 ring of protection

@: marked
A: distributed training, fangs 1, strong nose
a: Renounce Religion, Evoke Berserk Rage


You were on level 7 of the Dungeon.
You worshipped Okawaru.
Okawaru was noncommittal.
You were not hungry.

You visited 2 branches of the dungeon, and saw 8 of its levels.
You also visited: Sewer.

You collected 256 gold pieces.

Inventory:

Hand Weapons
 s - a +2 dagger of speed (weapon)
 t - a +0 trident
 w - a +2 dagger of venom
 E - a +1 dagger of electrocution
 K - a +4 quarterstaff
Missiles
 b - 74 arrows
 e - 10 poisoned darts (quivered)
 i - 248 stones
 j - 71 bolts
 v - 13 boomerangs
 z - 31 sling bullets
 I - 6 silver boomerangs
Armour
 f - the +1 robe of Giosmacw (worn) {rElec}
   (You found it on level 4 of the Dungeon)

   It insulates you from electricity.
Jewellery
 q - a ring of protection from fire (left hand)
 G - an amulet of rage (around neck)
 L - a +4 ring of protection (right hand)
Wands
 y - a wand of disintegration (14)
 D - a wand of random effects (15)
Scrolls
 a - 3 scrolls of identify
 c - 5 scrolls of teleportation
 g - 3 scrolls of remove curse {unknown}
 h - a scroll of vulnerability {unknown}
 l - 4 scrolls of enchant weapon {unknown}
 m - a scroll of amnesia
 n - a scroll of fog {unknown}
 p - a scroll of blinking {unknown}
 r - a scroll of enchant armour {unknown}
 x - a scroll of noise {unknown}
 C - a scroll of random uselessness {unknown}
 H - a scroll of immolation {unknown}
Potions
 k - 2 potions of curing
 o - 2 potions of degeneration {unknown}
 u - a potion of agility {unknown}
 A - a potion of flight {unknown}
 B - a potion of mutation {unknown}
 F - a potion of heal wounds {unknown}
Comestibles
 d - 15 rations
 J - 2 chunks of flesh


   Skills:
 + Level 6.2 Fighting
 + Level 4.0 Short Blades
 + Level 4.0 Long Blades
 + Level 4.0 Axes
 + Level 4.0 Maces & Flails
 + Level 6.2 Polearms
 + Level 4.0 Staves
 + Level 4.0 Slings
 + Level 4.0 Bows
 + Level 4.0 Crossbows
 + Level 4.0 Throwing
 + Level 4.8 Armour
 + Level 6.2 Dodging
 + Level 4.0 Stealth
 + Level 4.0 Shields
 + Level 4.0 Unarmed Combat
 + Level 6.5 Spellcasting
 + Level 3.3 Conjurations
 + Level 3.3 Hexes
 + Level 6.4 Charms
 + Level 3.3 Summonings
 + Level 3.3 Necromancy
 + Level 3.3 Translocations
 + Level 3.3 Transmutations
 + Level 3.3 Fire Magic
 + Level 3.3 Ice Magic
 + Level 3.3 Air Magic
 + Level 3.3 Earth Magic
 + Level 3.3 Poison Magic
 + Level 4.4 Invocations
 + Level 4.0 Evocations


You had 8 spell levels left.
You knew the following spells:

 Your Spells              Type           Power        Failure   Level  Hunger
a - Infusion              Chrm           ####         1%          1    None
b - Song of Slaying       Chrm           ####....     1%          2    None
c - Shroud of Golubria    Chrm/Tloc      ###...       2%          2    None
d - Regeneration          Chrm/Necr      ###.......   4%          3    ##.....
e - Spectral Weapon       Hex/Chrm       ###.....     4%          3    ##.....
f - Animate Skeleton      Necr           N/A          3%          1    None
g - Confusing Touch       Hex            ###...       3%          1    None

Your spell library contained the following spells:

 Spells                   Type           Power        Failure   Level  Hunger
 Apportation              Tloc           ###...       3%          1    None
 Summon Small Mammal      Summ           ###.         3%          1    None


Dungeon Overview and Level Annotations

Branches:
Dungeon (7/15)             Temple (1/1) D:6

Altars:
Ashenzari
Cheibriados
Dithmenos
Elyvilon
Fedhas
Gozag
Hepliaklqana
Kikubaaqudgha
Makhleb
Nemelex Xobeh
Okawaru
Ru
Sif Muna
Trog
Uskayaw
Vehumet
Wu Jian
Xom
Yredelemnul
Zin
The Shining One

Shops:
D:6 [

Annotations:
D:7 Harold


Innate Abilities, Weirdness & Mutations

Your experience applies equally to all skills.
You have very sharp teeth.
Your uncanny sense of smell can sniff out nearby items.


Message History

Harold looks more healthy.
Harold points at you and mumbles some strange words.
The mark upon you grows brighter.
Your song is almost over.
Your song has ended.
Harold points at you and mumbles some strange words.
The harpoon shot misses you.
Harold looks eager to get this over with.
Harold gestures at you while chanting. The mark upon you grows brighter.
Harold points at you and mumbles some strange words.
The harpoon shot hits you!!
* * * LOW HITPOINT WARNING * * *
You are yanked forward by the harpoon shot.
Some of the chunks of flesh in your inventory have rotted away.
The orc wizard mumbles some strange words.
The orc wizard seems to speed up.
Harold gestures at you while chanting. The harpoon shot hits you!
You die...

# # # # ##
########################## ..
.........@.@...o.......... ##
##############.......####.
##############.....##.......####.
.............'......'............
##############.....##.......#####
## #.....##.......# ### .#
#.....##.......# #.. .###########
#.....##.......# #..
รท..........# ########.......#
#..


You could see Harold and an orc wizard.

Vanquished Creatures
  Sigmund (D:6)
  Eustachio (D:5)
  Purgy (Sewer)
  A black bear (D:3)
  2 ice beasts
  A centaur (D:4)
  A crocodile (D:7)
  An ogre (D:4)
  Blork the orc (D:5)
  3 bullfrogs
  2 scorpions
  A crimson imp (D:5)
  A howler monkey (D:6)
  A hound (D:4)
  6 orc priests
  3 orc wizards
  An iguana (D:6)
  Natasha (twice) (D:4)
  3 worker ants
  2 gnolls (D:5)
  14 adders
  A shadow imp (D:3)
  2 oozes
  2 adder skeletons
  5 worms
  3 dart slugs
  3 leopard geckos
  28 orcs
  2 ball pythons
  9 bats
  5 giant cockroaches
  8 goblins
  7 hobgoblins
  6 kobolds
  2 quokkas
  8 frilled lizards
  A jackal skeleton (D:4)
  8 rats
149 creatures vanquished.

Vanquished Creatures (collateral kills)
  An orc wizard (D:5)
  Natasha (D:4)
  2 gnolls (D:5)
  A leopard gecko (D:6)
  3 orcs (D:5)
8 creatures vanquished.

Vanquished Creatures (others)
  2 spectral weapons
2 creatures vanquished.

Grand Total: 159 creatures vanquished

Notes
Turn   | Place    | Note
-------+----------+-------------------------------------------
     0 | D:1      | Ablot the Gnoll Skald began the quest for the Orb.
     0 | D:1      | Reached XP level 1. HP: 20/20 MP: 6/6
    61 | D:1      | Reached XP level 2. HP: 22/26 MP: 7/7
    70 | D:1      | Learned a level 2 spell: Song of Slaying
    73 | D:1      | Learned a level 2 spell: Shroud of Golubria
    73 | D:1      | Upgraded the game from 0.23-a0-395-gcf17ac6c65 to
                  | 0.24-a0-504-gcfb02b9d07
   629 | D:1      | Reached XP level 3. HP: 31/31 MP: 9/9
   943 | D:2      | Reached skill level 5 in Spellcasting
  1148 | D:2      | Reached skill level 1 in Invocations
  1407 | D:2      | Learned a level 3 spell: Regeneration
  1411 | D:2      | Learned a level 3 spell: Spectral Weapon
  1516 | D:2      | Reached skill level 1 in Short Blades
  1516 | D:2      | Reached skill level 1 in Long Blades
  1516 | D:2      | Reached skill level 1 in Axes
  1516 | D:2      | Reached skill level 1 in Maces & Flails
  1516 | D:2      | Reached skill level 1 in Staves
  1516 | D:2      | Reached skill level 1 in Slings
  1516 | D:2      | Reached skill level 1 in Bows
  1516 | D:2      | Reached skill level 1 in Crossbows
  1516 | D:2      | Reached skill level 1 in Throwing
  1516 | D:2      | Reached skill level 1 in Stealth
  1516 | D:2      | Reached skill level 1 in Shields
  1516 | D:2      | Reached skill level 1 in Unarmed Combat
  1516 | D:2      | Reached skill level 1 in Evocations
  1727 | D:2      | Reached XP level 4. HP: 30/38 MP: 11/11
  2281 | D:2      | Reached skill level 1 in Conjurations
  2281 | D:2      | Reached skill level 1 in Hexes
  2281 | D:2      | Reached skill level 1 in Summonings
  2281 | D:2      | Reached skill level 1 in Necromancy
  2281 | D:2      | Reached skill level 1 in Translocations
  2281 | D:2      | Reached skill level 1 in Transmutations
  2281 | D:2      | Reached skill level 1 in Fire Magic
  2281 | D:2      | Reached skill level 1 in Ice Magic
  2281 | D:2      | Reached skill level 1 in Air Magic
  2281 | D:2      | Reached skill level 1 in Earth Magic
  2281 | D:2      | Reached skill level 1 in Poison Magic
  2540 | D:3      | Reached XP level 5. HP: 43/43 MP: 12/12
  2595 | D:3      | Found a glowing drain.
  2633 | Sewer    | Entered a sewer
  2726 | Sewer    | Noticed Purgy
  2738 | Sewer    | Killed Purgy
  2738 | Sewer    | Reached XP level 6. HP: 46/50 MP: 3/13
  3250 | D:3      | Reached skill level 5 in Fighting
  3250 | D:3      | Reached skill level 5 in Polearms
  3250 | D:3      | Reached skill level 5 in Dodging
  3546 | D:4      | Noticed a black bear
  3723 | D:3      | HP: 2/51 [black bear (3)]
  3779 | D:3      | Killed a black bear
  3779 | D:3      | Reached XP level 7. HP: 8/56 MP: 7/15
  4030 | D:4      | Got a heavily jewelled robe
  4041 | D:4      | Identified the +1 robe of Giosmacw {rElec} (You found it on
                  | level 4 of the Dungeon)
  4146 | D:4      | Learned a level 1 spell: Animate Skeleton
  4148 | D:4      | Learned a level 1 spell: Confusing Touch
  4731 | D:4      | Noticed Natasha
  4741 | D:4      | Killed Natasha
  4816 | D:4      | Noticed Natasha
  4831 | D:4      | Killed Natasha
  4924 | D:4      | Noticed Natasha
  4933 | D:4      | Killed Natasha
  4969 | D:5      | Entered Level 5 of the Dungeon
  4990 | D:5      | Reached XP level 8. HP: 63/63 MP: 11/16
  5219 | D:5      | Noticed Eustachio
  5307 | D:5      | Killed Eustachio
  6550 | D:5      | Noticed Blork the orc
  6581 | D:5      | Killed Blork the orc
  6964 | D:6      | Reached XP level 9. HP: 52/69 MP: 18/18
  6984 | D:6      | Found Oghoffeli's Armour Shoppe.
  7057 | D:6      | Noticed Sigmund
  7076 | D:6      | Killed Sigmund
  7111 | D:6      | Found a staircase to the Ecumenical Temple.
  7246 | Temple   | Entered the Ecumenical Temple
  7409 | Temple   | Became a worshipper of Warmaster Okawaru
  7619 | D:7      | Noticed Harold
  7687 | D:7      | Found an iron altar of Okawaru.
  7958 | D:7      | HP: 3/69 [Harold/harpoon shot (20)]
  7961 | D:7      | Killed from afar by Harold

Levels and vault maps discovered:
D:1:      dpeg_arrival_tiny_h, st_stairs_3
D:2:      layout_loops_ring, minmay_nonomino_d4
D:3:      layout_loops_ring, first_ration, cheibrodos_sewer_entry_drain
D:4:      layout_loops_ring, roderic_three_in_a_row, minmay_ruptured,
          uniq_natasha
D:5:      layout_basic, uniq_blork_the_orc, uniq_eustachio
D:6:      layout_basic, minmay_temple_entry_poolview, serial_shops, shop,
          uniq_sigmund
D:7:      layout_basic, basic_altar, uniq_harold
Temple:   kilobyte_greek_temple

Skill      XL: |  1  2  3  4  5  6  7  8  9 |
---------------+----------------------------+-----
Spellcasting   | 5 6 |  6.5
Invocations    | 1 2 3 4 |  4.4
Short Blades   | 1 2 3 4 |  4.0
Long Blades    | 1 2 3 4 |  4.0
Axes           | 1 2 3 4 |  4.0
Maces & Flails | 1 2 3 4 |  4.0
Staves         | 1 2 3 4 |  4.0
Slings         | 1 2 3 4 |  4.0
Bows           | 1 2 3 4 |  4.0
Crossbows      | 1 2 3 4 |  4.0
Throwing       | 1 2 3 4 |  4.0
Stealth        | 1 2 3 4 |  4.0
Shields        | 1 2 3 4 |  4.0
Unarmed Combat | 1 2 3 4 |  4.0
Evocations     | 1 2 3 4 |  4.0
Conjurations   | 1 2 3 |  3.3
Hexes          | 1 2 3 |  3.3
Summonings     | 1 2 3 |  3.3
Necromancy     | 1 2 3 |  3.3
Translocations | 1 2 3 |  3.3
Transmutations | 1 2 3 |  3.3
Fire Magic     | 1 2 3 |  3.3
Ice Magic      | 1 2 3 |  3.3
Air Magic      | 1 2 3 |  3.3
Earth Magic    | 1 2 3 |  3.3
Poison Magic   | 1 2 3 |  3.3
Armour         | 3 4 |  4.8
Fighting       | 5 6 |  6.2
Polearms       | 5 6 |  6.2
Dodging        | 5 6 |  6.2
Charms         | 6 |  6.4

Action                   |  1- 3 |  4- 6 |  7- 9 || total
-------------------------+-------+-------+-------++-------
Melee: Spear             |   158 |    66 |       ||   224
       Bite              |    19 |    30 |    73 ||   122
       Trident           |       |     4 |       ||     4
       Dagger            |       |   155 |   527 ||   682
       Punch             |       |     2 |     9 ||    11
Throw: Dart              |       |       |     6 ||     6
 Cast: Shroud of Golubri |     3 |     3 |    23 ||    29
       Song of Slaying   |     1 |     1 |     8 ||    10
       Regeneration      |     1 |     6 |    16 ||    23
       Infusion          |     1 |     3 |     3 ||     7
       Spectral Weapon   |       |       |    11 ||    11
       Animate Skeleton  |       |       |     7 ||     7
  Use: Scroll            |       |     2 |     2 ||     4
       Potion            |       |     2 |       ||     2
 Stab: Sleeping          |     1 |     5 |     6 ||    12
       Distracted        |       |     1 |     3 ||     4
  Eat: Chunk             |     3 |     6 |    17 ||    26
Armor: Leather armour    |    26 |    30 |       ||    56
       Robe              |       |       |    37 ||    37
Dodge: Dodged            |    86 |   147 |   247 ||   480

Table legend:
 A = Non-vault XP
 B = Vault XP
 C = Vault XP percentage of total XP
 D = Non-vault monster count
 E = Vault monster count
 F = Vault count percentage of total count
                 A         B        C        D         E       F
            +---------+---------+-------+---------+---------+-------
      Total |    2158 |     896 |  29.3 |     136 |      21 |  13.4
            +---------+---------+-------+---------+---------+-------
        D:1 |      31 |       4 |  11.4 |      13 |       2 |  13.3
        D:2 |      97 |       5 |   4.9 |      25 |       3 |  10.7
        D:3 |     184 |     148 |  44.6 |      28 |       4 |  12.5
        D:4 |     445 |      81 |  15.4 |      22 |       3 |  12.0
        D:5 |     508 |     286 |  36.0 |      28 |       2 |   6.7
        D:6 |     471 |     223 |  32.1 |      11 |       1 |   8.3
        D:7 |     422 |       0 |   0.0 |       9 |       0 |   0.0
      Sewer |       0 |     149 | 100.0 |       0 |       6 | 100.0
            +---------+---------+-------+---------+---------+-------
